 Dungeon Crawl Stone Soup version 0.28-a0-1033-g1a2f33fa85 (webtiles) character file.

Game seed: 13491365005129804503

187338 wakim the Warrior (level 18, -4/177 HPs)
             Began as a Ghoul Monk on Dec 6, 2021.
             Was a High Priest of Okawaru.
             Killed from afar by a shock serpent (28 damage)
             ... with a bolt of electricity
             ... on level 4 of the Snake Pit on Dec 7, 2021.
             The game lasted 02:02:47 (42238 turns).

wakim the Warrior (Ghoul Monk)                     Turns: 42238, Time: 02:02:47

Health: -4/177     AC: 36    Str: 29    XL:     18   Next: 50%
Magic:  26/26      EV: 13    Int:  8    God:    Okawaru [*****.]
Gold:   956        SH:  0    Dex: 14    Spells: 17/17 levels left

rFire   + + .      SeeInvis .     - Unarmed
rCold   + + +      Faith    +   (no shield)
rNeg    + + +      Spirit   .   k - +10 plate armour "Rycunle" {Drain rC+++ Dex+3}
rPois   ∞          Reflect  .   f - +2 helmet {Int+3}
rElec   .          Harm     .   (no cloak)
rCorr   +          Rampage  .   h - +1 pair of gloves {Stlth+}
Will    .....                   d - +1 pair of boots of Vuquc {+Inv rN+ Regen+}
Stlth   +++.......              q - amulet of faith
HPRegen 0.00/turn               j - ring of resist corrosion
MPRegen 0.20/turn               i - ring "Ofammaru" {rPois rF++ Will- Str+6 Stlth+}

@: heroic, finesse-ful, inhibited regen, slowed, very slow
A: claws 1, cold resistance 1, negative energy resistance 3, inhibited
regeneration, torment resistance 2
a: Renounce Religion, Evoke Invisibility, Heroism, Finesse, Duel


You were on level 4 of the Snake Pit.
You worshipped Okawaru.
Okawaru was extremely pleased with you.
You visited 5 branches of the dungeon, and saw 28 of its levels.
You also visited: Bailey.

You collected 2652 gold pieces.
You spent 1696 gold pieces at shops.

Inventory:

Hand Weapons
 b - the +8 shortbow of Qoas {freeze, Fly Will+ Int+2 SInv}
   (You acquired it on level 3 of the Dungeon)

   Any ammunition fired from it freezes those it strikes, dealing additional
   cold damage.
   It can also slow down cold-blooded creatures.
   Int:       It affects your intelligence (+2).
   SInv:      It lets you see invisible.
   Fly:       It grants you flight.
   Will:      It increases your willpower.
 c - the +9 shortbow of Noilobepp {vorpal, Dex+2}
   (You found it on level 14 of the Dungeon)

   Any ammunition fired from it inflicts extra damage upon your enemies.
   Dex:       It affects your dexterity (+2).
Missiles
 a - 948 arrows
 e - 2 javelins (quivered)
 l - 5 throwing nets {=f!f}
 n - 28 boomerangs
 p - a curare-tipped dart {=f}
Armour
 d - the +1 pair of boots of Vuquc (worn) {+Inv rN+ Regen+}
   (You acquired it on level 3 of the Lair of Beasts)

   rN:        It protects you from negative energy.
   +Inv:      It lets you turn invisible.
   Regen:     It increases your rate of health regeneration.
 f - a +2 helmet of intelligence (worn)
 g - the +1 leather armour "Hudud" {rElec Will++ Dex-2 Slay+3}
   (You found it on level 10 of the Dungeon)

   Dex:       It affects your dexterity (-2).
   Slay:      It affects your accuracy & damage with ranged weapons and melee
   (+3).
   rElec:     It insulates you from electricity.
   Will:      It greatly increases your willpower.
 h - a +1 pair of gloves of stealth (worn)
 k - the +10 plate armour "Rycunle" (worn) {Drain rC+++ Dex+3}
   (Okawaru gifted it to you on level 2 of the Lair of Beasts)

   Dex:       It affects your dexterity (+3).
   rC:        It renders you almost immune to cold.
   Drain:     It drains your maximum health when unequipped.
 C - a +1 crystal plate armour
 E - a +2 pair of boots of stealth
 L - the +1 plate armour "Qetruf" {-Cast +Blink rF++}
   (You found it on level 4 of the Snake Pit)

   rF:        It greatly protects you from fire.
   +Blink:    It lets you blink.
   -Cast:     It prevents spellcasting.
Jewellery
 i - the ring "Ofammaru" (right hand) {rPois rF++ Will- Str+6 Stlth+}
   (You bought it in a shop on level 1 of the Snake Pit)

   [ring of strength]

   Str:       It affects your strength (+6).
   rF:        It greatly protects you from fire.
   rPois:     It protects you from poison.
   Will:      It decreases your willpower.
   Stlth:     It makes you more stealthy.
 j - a ring of resist corrosion (left hand)
 m - a ring of protection from cold
 q - an amulet of faith (around neck)
 z - an amulet of reflection
Wands
 t - a wand of digging (5)
 u - a wand of mindburst (8)
 v - a wand of flame (24)
 w - a wand of acid (13)
 x - a wand of iceblast (11)
 y - a wand of paralysis (8)
Scrolls
 o - 8 scrolls of enchant armour
 r - 4 scrolls of identify
 s - a scroll of torment
 Q - 2 scrolls of immolation {!r!r}
 R - 5 scrolls of magic mapping {!r}
 T - 4 scrolls of teleportation
 U - a scroll of fear
 W - a scroll of holy word {!r}
 X - 4 scrolls of fog
 Y - 3 scrolls of blinking {!r}
Potions
 B - 6 potions of attraction {!q}
 D - 4 potions of brilliance
 F - 13 potions of curing
 G - a potion of flight
 H - 4 potions of haste
 I - a potion of invisibility
 J - 5 potions of heal wounds
 K - 5 potions of magic
 N - 11 potions of might
 O - 2 potions of resistance


   Skills:
 + Level 19.6(24.6) Fighting
 + Level 10.0(15.0) Bows
 - Level 2.5(7.5) Throwing
 * Level 11.8(16.8) Armour
 + Level 7.5(12.5) Dodging
 - Level 7.0(12.0) Stealth
 + Level 15.8(20.8) Unarmed Combat
 - Level 12.0 Invocations
 - Level 10.0 Evocations


You had 17 spell levels left.
You didn't know any spells.
Your spell library contained the following spells:

 Spells                   Type           Power      Damage    Failure   Level
 Apportation              Tloc           0%         N/A       92%         1
 Foxfire                  Conj/Fire      0%         2x1d4     92%         1
 Magic Dart               Conj           0%         1d3       92%         1
 Slow                     Hex            0%         N/A       92%         1
 Corpse Rot               Necr/Air       0%         N/A       98%         2
 Ensorcelled Hibernation  Hex/Ice        0%         N/A       98%         2
 Poisonous Vapours        Pois/Air       0%         N/A       98%         2
 Confusing Touch          Hex            0%         N/A       100%        3
 Conjure Flame            Conj/Fire      0%         6-21      100%        3
 Gell's Gravitas          Tloc           0%         N/A       100%        3
 Inner Flame              Hex/Fire       0%         N/A       100%        3
 Lesser Beckoning         Tloc           0%         N/A       100%        3
 Mephitic Cloud           Conj/Pois/Air  0%         N/A       100%        3
 Teleport Other           Tloc           0%         N/A       100%        3
 Vampiric Draining        Necr           0%         2d6       100%        3
 Flame Wave               Conj/Fire      0%         2d4       100%        4
 Fulminant Prism          Conj/Hex       0%         3d6       100%        4
 Iskenderun's Mystic Bla  Conj/Tloc      0%         2d3       100%        4
 Passage of Golubria      Tloc           0%         N/A       100%        4
 Petrify                  Tmut/Erth      0%         N/A       100%        4
 Irradiate                Conj/Tmut      0%         3d14      100%        5
 Lee's Rapid Deconstruct  Erth           0%         3d5*      100%        5
 Metabolic Englaciation   Hex/Ice        0%         N/A       100%        5
 Silence                  Hex/Air        0%         N/A       100%        5
 Yara's Violent Unravell  Hex/Tmut       0%         3d3       100%        5
 Eringya's Noxious Bog    Tmut/Pois      0%         N/A       100%        6
 Lehudib's Crystal Spear  Conj/Erth      0%         10d2      100%        8
 Animate Skeleton         Necr           Unusable   N/A       N/A         1
 Summon Small Mammal      Summ           Unusable   N/A       N/A         1
 Call Imp                 Summ           Unusable   N/A       N/A         2
 Sublimation of Blood     Necr           Unusable   N/A       N/A         2
 Spider Form              Tmut/Pois      Unusable   N/A       N/A         3
 Summon Forest            Summ/Tloc      Unusable   N/A       N/A         5
 Statue Form              Tmut/Erth      Unusable   N/A       N/A         6
 Summon Hydra             Summ           Unusable   N/A       N/A         7

Dungeon Overview and Level Annotations

Branches:
Dungeon (15/15)            Temple (1/1) D:5            Lair (6/6) D:8
 Shoals (0/4) Lair:3        Snake (4/4) Lair:4        Slime (0/5) Lair:5
    Orc (2/2) D:10            Elf (0/3) Orc:2        Vaults (0/5) D:14
 Depths (0/4) D:15         Bailey (visited)

Altars:
Ashenzari
Cheibriados
Dithmenos
Elyvilon
Fedhas
Gozag
Makhleb
Nemelex Xobeh
Okawaru
Sif Muna
Vehumet
Xom
Yredelemnul
Beogh
Jiyva

Shops:
Orc:2 =*:!   Snake:1 =*   Snake:3 *?

Annotations:
Orc:1 Fannar


Innate Abilities, Weirdness & Mutations

You thrive by killing the living.
You are immune to poison.
You have sharp fingernails.
Your flesh is cold resistant. (rC+)
You are immune to negative energy. (rN+++)
You do not regenerate when monsters are visible.
You are immune to unholy pain and torment.


Message History

The lindwurm claws you but does no damage.
The lindwurm claws you.
* * * LOW HITPOINT WARNING * * *
The naga sharpshooter gestures wildly while chanting.
You see here a guardian serpent corpse.
The lindwurm breathes flames at you. The blast of flame misses you.
The naga sharpshooter shoots a bolt.
The bolt barely misses you.
The lindwurm bites you but does no damage.
The lindwurm claws you but does no damage. x2
You see here a guardian serpent skeleton.
Unknown command.
The shock serpent shoots out a bolt of lightning at you!
The bolt of electricity hits you!
* * * LOW HITPOINT WARNING * * *
Things that are here:
a +0 robe; a +0 hand axe You feel much better.
The lindwurm bites you but does no damage.
The lindwurm closely misses you. x2; The lindwurm barely misses you. x2
The lindwurm claws you but does no damage.
You punch the shock serpent!
The shock serpent is lightly wounded.
The shock serpent's electric aura discharges, shocking you!
The naga sharpshooter mumbles some strange words.
The naga sharpshooter magically shoots a bolt.
The bolt hits you!
* * * LOW HITPOINT WARNING * * *
The shock serpent barely misses you.
You hit the shock serpent. Your punch misses the shock serpent.
The shock serpent is lightly wounded.
The lindwurm bites you but does no damage.
The lindwurm claws you but does no damage.
The lindwurm claws you.
* * * LOW HITPOINT WARNING * * *
You closely miss the shock serpent. Your punch misses the shock serpent.
The shock serpent is lightly wounded.
The shock serpent shoots out a bolt of lightning at you!
The bolt of electricity hits you!!
You die...

.......#.......§§.......#...#....
.......#...)..≈≈≈≈......#...####'
.......#..§§≈≈≈≈≈§≈...).#........
......##..≈≈≈≈≈§§§≈§§≈.)##.......
.....##...≈§≈≈≈§§≈≈§§§..)##......
....##...≈≈≈########≈≈≈...##.....
...##§.≈≈≈###......###≈≈≈.§##....
..##.§§§§##.)...[SN.†##≈≈≈..##...
.##..§§≈##.....)@k†.(.##≈≈≈))##..
##..§.≈##....######..(.##≈≈≈..##.
#..≈§≈##...### k.###...##≈§≈.§##
...§≈##)..## N.kS##...##§§§§.#
...)≈#.))## ≈≈≈..##..(#≈§§.)#
.....'...# ≈≈≈N..#..'#####'#
########## ≈≈≈≈≈.##S#...##..
.##...## §≈≈≈≈N.##))...##.
##.....##§ ≈≈≈≈§§.#.).....#.


You could see a naga sharpshooter, a shock serpent and a lindwurm.

Vanquished Creatures
  Vashnia (Arena)
  Jorgrun (D:13)
  4 nagarajas
  Aizul (Snake:1)
  A minotaur (shapeshifter) (D:12)
  A dire elephant (D:15)
  2 ettins (Orc:2)
  Josephine (D:11)
  A yaktaur captain (D:12)
  An ice dragon (D:10)
  The ghost of Lathraox the Blocker, a journeyman GrFi of Okawaru (D:13)
  12 naga warriors
  Harold (D:7)
  4 vault guards (D:14)
  6 salamander tyrants
  6 boulder beetles
  3 catoblepae
  An ogre mage (D:15)
  6 hydras
  10 centaur warriors
  A death knight (D:15)
  9 anacondas
  9 two-headed ogres
  3 tengu warriors
  A deep troll earth mage (D:12)
  14 shock serpents
  16 naga sharpshooters
  An orc high priest (Orc:1)
  A fire crab (Lair:5)
  7 salamander mystics
  8 naga ritualists
  2 swamp dragons (Lair:5)
  4 lindwurms
  5 mana vipers
  A phantasmal warrior (D:15)
  27 ugly things
  3 wizards
  2 deep elf pyromancers
  3 wolf spiders
  9 orc knights
  11 orc sorcerers
  10 cyclopes
  17 salamanders
  5 elephants (Lair:3)
  6 guardian serpents
  10 manticores
  A torpor snail (Lair:4)
  34 black mambas
  13 naga magi
  A gargoyle (D:8)
  A freezing wraith (D:15)
  17 cane toads
  4 tengu conjurers
  11 komodo dragons
  A rime drake (Lair:6)
  A merfolk (D:15)
  A hornet (shapeshifter) (D:14)
  A polar bear (Lair:2)
  A wind drake (Lair:3)
  19 slime creatures
  6 trolls
  8 hornets
  The ghost of Blackjack the Conjurer, an amateur GnCj (D:3)
  Prince Ribbit (D:8)
  11 blink frogs
  4 dream sheep (Lair:4)
  2 centaur simulacra
  7 wraiths
  15 wyverns
  A vampire (D:12)
  62 yaks
  Eustachio (D:4)
  8 basilisks
  3 shadows
  5 steam dragons
  4 vampire mosquitoes
  Menkaure (D:6)
  5 wargs
  6 acid dragons
  22 water moccasins
  43 nagas
  Duvessa (D:7)
  2 black bears
  21 orc warriors
  4 sky beasts
  An ice beast (D:6)
  A necrophage (D:7)
  15 centaurs
  16 wolves
  11 ogres
  3 phantoms
  7 kobold brigands
  14 bullfrogs
  A gnoll sergeant (D:6)
  4 scorpions
  A wyvern skeleton (D:6)
  2 water moccasin skeletons
  Dowan (D:7)
  A killer bee (D:8)
  7 howler monkeys
  10 wights (D:9)
  4 electric eels (Lair:1)
  A bullfrog zombie (D:5)
  A lava snake (Snake:4)
  6 centaur zombies
  A hound (D:5)
  2 gnoll shamans (D:8)
  A jelly (D:5)
  A bullfrog skeleton (D:7)
  15 orc priests
  A centaur skeleton (D:4)
  6 hell rats (Lair:6)
  Terence (D:2)
  2 iguanas (D:4)
  40 orc wizards
  A statue (D:7)
  A howler monkey zombie (D:8)
  8 gnolls
  19 adders
  A shadow imp (D:6)
  2 white imps
  2 ufetubi (D:4)
  2 adder skeletons
  A worm (D:3)
  101 orcs
  7 ball pythons
  2 bats
  8 endoplasms
  2 giant cockroaches (D:3)
  8 goblins
  8 hobgoblins
  6 jackals (D:2)
  34 kobolds
  7 quokkas
  3 frilled lizards
  4 rats
1003 creatures vanquished.

Vanquished Creatures (others)
  An orc wizard (Orc:2)
  3 orcs
  A kobold (D:3)
  59 fungi
  97 plants
161 creatures vanquished.

Grand Total: 1164 creatures vanquished

Notes
Turn   | Place    | Note
-------+----------+-------------------------------------------
     0 | D:1      | wakim the Ghoul Monk began the quest for the Orb.
     0 | D:1      | Reached XP level 1. HP: 19/19 MP: 0/0
   422 | D:1      | Reached XP level 2. HP: 26/26 MP: 1/1
   665 | D:1      | Found a faded altar of an unknown god.
  1043 | D:1      | HP: 1/27 [gnoll (3)]
  1045 | D:1      | Reached XP level 3. HP: 1/33 MP: 0/2
  1536 | D:2      | Reached skill level 4 in Fighting
  1654 | D:2      | Reached XP level 4. HP: 38/40 MP: 3/3
  1686 | D:2      | Noticed Terence
  1707 | D:2      | Killed Terence
  1708 | D:2      | Reached skill level 1 in Armour
  1987 | D:2      | Reached XP level 5. HP: 47/47 MP: 4/4
  2504 | D:3      | You fall into a shaft and drop 1 floor!
  2529 | D:4      | Reached skill level 5 in Fighting
  2737 | D:4      | Reached skill level 5 in Unarmed Combat
  2737 | D:4      | Reached XP level 6. HP: 56/56 MP: 5/5
  2903 | D:4      | Noticed Eustachio
  2903 | D:4      | Noticed a water moccasin
  2954 | D:3      | Killed a water moccasin
  3320 | D:3      | Reached XP level 7. HP: 51/62 MP: 6/6
  3486 | D:3      | Found a shimmering altar of Xom.
  3726 | D:3      | Found a runed translucent gate.
  3727 | D:3      | Found a runed translucent gate.
  3727 | D:3      | Noticed Blackjack's ghost (amateur GnCj)
  3728 | D:3      | Found a runed translucent gate.
  4236 | D:4      | Reached skill level 6 in Fighting
  4653 | D:4      | Killed Eustachio
  5011 | D:5      | Entered Level 5 of the Dungeon
  5051 | D:4      | Reached XP level 8. HP: 59/71 MP: 7/7
  5218 | D:4      | Reached skill level 7 in Fighting
  5635 | D:5      | Found a staircase to the Ecumenical Temple.
  5646 | Temple   | Entered the Ecumenical Temple
  5675 | Temple   | Became a worshipper of Warmaster Okawaru
  5675 | Temple   | Reached * piety under Okawaru
  5675 | Temple   | Reached ** piety under Okawaru
  5864 | D:5      | Reached skill level 1 in Invocations
  6231 | D:6      | Noticed Menkaure
  6276 | D:6      | Killed Menkaure
  6277 | D:6      | Reached skill level 8 in Fighting
  6608 | D:6      | Reached XP level 9. HP: 70/81 MP: 9/9
  6806 | D:6      | Reached *** piety under Okawaru
  7409 | D:7      | Noticed Harold
  7578 | D:7      | Reached skill level 9 in Fighting
  7802 | D:7      | Reached **** piety under Okawaru
  7811 | D:7      | Killed Harold
  7812 | D:7      | Reached skill level 5 in Armour
  7812 | D:7      | Reached XP level 10. HP: 45/92 MP: 8/12
  8013 | D:7      | Noticed Duvessa
  8022 | D:7      | Killed Duvessa
  8024 | D:7      | Noticed Dowan
  8029 | D:7      | Killed Dowan
  8245 | D:7      | Reached skill level 10 in Unarmed Combat
  8288 | D:7      | Found a radiant altar of Vehumet.
  8301 | D:7      | Reached skill level 10 in Fighting
  9004 | D:8      | Found a staircase to the Lair.
  9020 | D:8      | Reached ***** piety under Okawaru
  9346 | D:8      | Noticed Prince Ribbit
 10227 | D:8      | Reached skill level 5 in Invocations
 10375 | D:8      | Reached skill level 1 in Throwing
 10546 | D:8      | Noticed a gargoyle
 10596 | D:8      | Killed a gargoyle
 10596 | D:8      | Identified the +2 hunting sling of Orthodoxy {venom, rPois
                  | Str-3 Stlth+} (Okawaru gifted it to you on level 8 of the
                  | Dungeon)
 10596 | D:8      | Received a gift from Okawaru
 10854 | D:8      | Identified the +10 long sword of the Shoals {flame, rC+
                  | Str+4}
 11069 | D:8      | Killed Prince Ribbit
 11070 | D:8      | Reached XP level 11. HP: 48/101 MP: 14/14
 11561 | D:3      | Killed Blackjack's ghost
 11633 | D:3      | Identified a scroll of acquirement
 11634 | D:3      | Acquired the +8 shortbow of Qoas {freeze, Fly Will+ Int+2
                  | SInv}
 11921 | D:8      | Reached skill level 11 in Fighting
 12054 | D:8      | Noticed a boulder beetle
 12362 | Lair:1   | Entered Level 1 of the Lair of Beasts
 12377 | Lair:1   | Reached skill level 1 in Bows
 12901 | Lair:1   | Received a gift from Okawaru
 14903 | Lair:2   | Identified the +10 plate armour "Rycunle" {Drain rC+++
                  | Dex+3} (Okawaru gifted it to you on level 2 of the Lair of
                  | Beasts)
 14903 | Lair:2   | Received a gift from Okawaru
 14920 | Lair:2   | Reached XP level 12. HP: 99/111 MP: 16/16
 15629 | Lair:2   | Identified the +1 ring mail "Surph" {+Inv rPois rC- Regen+}
 15809 | Lair:2   | Reached skill level 12 in Fighting
 16217 | Lair:3   | Noticed a seven-headed hydra
 16275 | Lair:3   | Killed a seven-headed hydra
 16335 | Lair:3   | Reached skill level 5 in Bows
 16847 | Lair:3   | Received a gift from Okawaru
 16953 | Lair:3   | Identified the +5 shortbow "Coaly" {vorpal, rN++ Int-5
                  | Dex+3} (Okawaru gifted it to you on level 3 of the Lair of
                  | Beasts)
 16953 | Lair:3   | Received a gift from Okawaru
 17090 | Lair:3   | Acquired the +1 pair of boots of Vuquc {+Inv rN+ Regen+}
 17340 | Lair:3   | Found a staircase to the Shoals.
 17350 | Lair:3   | Reached skill level 1 in Evocations
 17876 | Lair:4   | Noticed a four-headed hydra
 17885 | Lair:4   | Killed a four-headed hydra
 17886 | Lair:4   | Reached XP level 13. HP: 119/119 MP: 18/18
 18120 | Lair:4   | Found a staircase to the Snake Pit.
 18723 | Lair:5   | Received a gift from Okawaru
 19053 | Lair:5   | Found a staircase to the Slime Pits.
 19055 | Lair:5   | Found a viscous altar of Jiyva.
 19335 | Lair:5   | Reached ****** piety under Okawaru
 19373 | Lair:5   | Found a transporter.
 19419 | Lair:5   | Found a transporter.
 19452 | Lair:5   | Received a gift from Okawaru
 19768 | Lair:5   | Identified the +0 pair of boots "Iclusa" {rPois rN+ Regen+}
 19788 | Lair:6   | Entered Level 6 of the Lair of Beasts
 20080 | Lair:6   | Reached skill level 13 in Fighting
 20096 | Lair:6   | Received a gift from Okawaru
 20198 | Lair:6   | Reached skill level 5 in Evocations
 20279 | Lair:6   | Reached XP level 14. HP: 129/129 MP: 20/20
 21103 | Lair:6   | Reached skill level 10 in Invocations
 23072 | D:9      | Found a snail-covered altar of Cheibriados.
 23073 | D:9      | Found a burning altar of Makhleb.
 23758 | D:10     | Entered Level 10 of the Dungeon
 23773 | D:10     | Found a staircase to the Orcish Mines.
 23777 | D:10     | Identified the +4 falchion of Dissent {drain, Int+4 SInv}
 23889 | D:10     | Found a basalt altar of Yredelemnul.
 24564 | D:10     | Identified the +0 chain mail "Myibuso" {Rampage *Slow
                  | Dex+7} (Okawaru gifted it to you on level 10 of the
                  | Dungeon)
 24564 | D:10     | Received a gift from Okawaru
 24598 | D:10     | Identified the +1 leather armour "Hudud" {rElec Will++
                  | Dex-2 Slay+3}
 25283 | D:11     | Noticed Josephine
 25296 | D:11     | Killed Josephine
 26636 | D:12     | Reached XP level 15. HP: 133/137 MP: 22/22
 26768 | D:12     | Received a gift from Okawaru
 27249 | Orc:1    | Entered Level 1 of the Orcish Mines
 27280 | D:10     | Received a gift from Okawaru
 27341 | Orc:2    | Entered Level 2 of the Orcish Mines
 27460 | Orc:2    | Paralysed by an orc sorcerer for 6 turns
 27528 | Orc:1    | Noticed Fannar
 27690 | Orc:1    | Found a flagged portal.
 27705 | Bailey   | Entered a bailey
 27713 | Bailey   | Reached skill level 14 in Fighting
 28303 | Orc:1    | Paralysed by an orc sorcerer for 4 turns
 28542 | Orc:2    | Paralysed by an orc sorcerer for 5 turns
 28701 | Orc:2    | Found Ahec's General Store.
 28701 | Orc:2    | Found Parollepp's Jewellery Shoppe.
 28718 | Orc:2    | Bought a scroll of identify for 30 gold pieces
 28718 | Orc:2    | Bought a scroll of identify for 30 gold pieces
 28718 | Orc:2    | Bought a scroll of identify for 30 gold pieces
 28751 | Orc:2    | Paralysed by an orc sorcerer for 2 turns
 28808 | Orc:2    | Found Haes's Distillery.
 28808 | Orc:2    | Found Dutoma's Book Shoppe.
 28963 | Orc:2    | Found a staircase to the Elven Halls.
 29503 | Orc:1    | Paralysed by an orc sorcerer for 2 turns
 29509 | Orc:2    | Reached skill level 10 in Armour
 29652 | Orc:1    | Paralysed by an orc sorcerer for 7 turns
 30078 | D:13     | Found a large runed translucent door.
 30078 | D:13     | Found a large runed translucent door.
 30098 | D:13     | Noticed Jorgrun
 30121 | D:13     | Killed Jorgrun
 30394 | D:13     | Noticed Lathraox's ghost (journeyman GrFi)
 30431 | D:13     | Killed Lathraox's ghost
 30670 | D:13     | Reached skill level 15 in Unarmed Combat
 30839 | D:13     | Received a gift from Okawaru
 31786 | D:14     | Identified the +9 shortbow of Noilobepp {vorpal, Dex+2}
 31977 | D:14     | Reached XP level 16. HP: 147/147 MP: 16/23
 32229 | D:14     | Reached skill level 5 in Dodging
 32445 | D:14     | Received a gift from Okawaru
 32472 | D:14     | Reached skill level 10 in Evocations
 32766 | D:14     | Reached skill level 15 in Fighting
 32938 | D:14     | Found a gate to the Vaults.
 33268 | D:14     | Reached skill level 16 in Fighting
 33413 | D:14     | Found a sparkling altar of Nemelex Xobeh.
 33550 | D:14     | Upgraded the game from 0.28-a0-1002-gf00fe891ef to
                  | 0.28-a0-1033-g1a2f33fa85
 33551 | D:15     | Entered Level 15 of the Dungeon
 33734 | D:15     | Received a gift from Okawaru
 34036 | D:15     | Reached skill level 17 in Fighting
 34292 | D:15     | Found a staircase to the Depths.
 34529 | D:15     | Identified the +6 hand axe of Earthquakes {vorpal, rElec}
                  | (Okawaru gifted it to you on level 15 of the Dungeon)
 34529 | D:15     | Received a gift from Okawaru
 34655 | D:15     | Found an opulent altar of Gozag.
 35147 | Snake:1  | Entered Level 1 of the Snake Pit
 35260 | Snake:1  | Identified the +1 ring mail "Visoahia" {rC+ rCorr}
 35298 | Snake:1  | Found Vuass's General Store.
 35298 | Snake:1  | Found Jymeuw's Jewellery Emporium.
 35453 | Snake:1  | Reached skill level 18 in Fighting
 35460 | Snake:1  | Reached XP level 17. HP: 113/163 MP: 23/25
 35629 | Snake:1  | Found a snail-covered altar of Cheibriados.
 35877 | Snake:1  | Noticed Aizul
 35903 | Snake:1  | Killed Aizul
 36042 | Snake:1  | Received a gift from Okawaru
 36850 | Snake:1  | Bought the ring "Ofammaru" {rPois rF++ Will- Str+6 Stlth+}
                  | for 1201 gold pieces
 36954 | Snake:2  | Reached skill level 19 in Fighting
 36956 | Snake:2  | Noticed Vashnia
 37006 | Snake:1  | Bought a wand of paralysis (5) for 119 gold pieces
 37187 | Arena    | Entered the Arena
 37204 | Arena    | Killed Vashnia
 38152 | Snake:3  | Received a gift from Okawaru
 38403 | Snake:3  | Reached skill level 5 in Stealth
 38565 | Snake:3  | Found Ongot's Assorted Antiques.
 38573 | Snake:3  | Bought a scroll labelled DAHYUTHROYKU for 44 gold pieces
 38573 | Snake:3  | Bought a scroll of teleportation for 132 gold pieces
 38606 | Arena    | Entered the Arena
 38810 | Snake:3  | Found Nogit's Magic Scroll Emporium.
 38818 | Snake:3  | Bought a scroll of teleportation for 51 gold pieces
 38818 | Snake:3  | Bought a scroll of magic mapping for 59 gold pieces
 38947 | Snake:3  | Identified the +1 chain mail "Nifar" {rC+ Str+3} (Okawaru
                  | gifted it to you on level 3 of the Snake Pit)
 38947 | Snake:3  | Received a gift from Okawaru
 39473 | Snake:4  | Entered Level 4 of the Snake Pit
 40165 | Snake:4  | Reached XP level 18. HP: 174/176 MP: 26/26
 40263 | Snake:4  | Received a gift from Okawaru
 40376 | Snake:4  | Identified the +3 long sword of the Extremes {vorpal, Drain
                  | +Blink rF+}
 40768 | Snake:4  | Identified the +1 plate armour "Qetruf" {-Cast +Blink rF++}
 41931 | Snake:4  | Reached skill level 10 in Bows
 42195 | Arena    | Entered the Arena
 42238 | Snake:4  | Killed from afar by a shock serpent

Illustrated notes

Levels and vault maps discovered:
D:1:      saegor_arrival_simple_c, layout_basic,
          shapermc_ecumenical_altar_hornbeckon, minmay_misc_feat_tiny
D:2:      layout_rooms, minmay_pentomino_w2, uniq_terence
D:3:      layout_basic, elyvilon_altar_4, tgw_xom, gammafunk_ghost_nasty_kobolds
D:4:      layout_basic, uniq_eustachio
D:5:      layout_rooms, minmay_temple_entry_stoned_glass
D:6:      layout_rooms, uniq_menkaure
D:7:      layout_gridville, vehumet_statue, uniq_duvessa, uniq_harold
D:8:      minmay_quarter_circles, layout_basic, erik_lair_orcish_takeover,
          uniq_prince_ribbit1
D:9:      layout_stronghold, gammafunk_temple_overflow_statue
D:10:     layout_roguey, lemuel_tele_altar, orc_david_3, kennysheep_just_a_vault
D:11:     layout_loops_ring, uniq_josephine
D:12:     minmay_two_paths, layout_basic, dk_noncrumbling_4
D:13:     layout_roguey, ebering_ghost_disaster_area, uniq_jorgrun
D:14:     layout_long_grid, lightli_vaults_fourway_checkpoint,
          nemelex_diamond_rough_becter, serial_glass, glass_columns_a,
          glass_columns_c, onia_ninara_cookie
D:15:     hangedman_depths_entry_try_elsewhere_first, layout_long_grid,
          nicolae_gozag_cash_rules_everything_around_me
Temple:   regret_index_temple_sphere_string
Lair:1:   minmay_lair_venomous_thicket, layout_chaotic_city, disabler_island,
          grunt_megastairs_4
Lair:2:   layout_chaotic_city
Lair:3:   layout_layer_cave, minmay_shoals_entry_beasts,
          amcnicky_mini_pool_medium, grunt_megastairs_1
Lair:4:   layout_loops_ring, guppyfry_snake_entry_island
Lair:5:   gammafunk_cloud_chamber, layout_regular_city, slime_altar_1,
          lemuel_old_faithful
Lair:6:   hangedman_lair_tendril_chambers, layout_regular_city
Snake:1:  layout_chambers, basic_altar, grunt_megastairs_2, minmay_shoptagon,
          serial_bayou_shore_b, uniq_aizul
Snake:2:  layout_misc_corridors, uniq_vashnia
Snake:3:  layout_onion, serial_shops, nicolae_shop_hallway_stairs,
          grunt_ministairs_4, minmay_shop_star
Snake:4:  snake_pit_salamanders_mu, layout_cave_town, nicolae_snake_shapes
Orc:1:    layout_caves, enter_bailey_3, uniq_fannar
Orc:2:    st_orc_town, layout_diamond_mine

Skill      XL: |  1  2  3  4  5  6  7  8  9 10 11 12 13 14 15 16 17 18 |
---------------+-------------------------------------------------------+-----
Fighting       | 4 5 6 8 9 10 11 12 13 14 18 19 | 19.6
Unarmed Combat | 4 5 6 8 9 10 12 13 14 15 | 15.8
Armour         | 1 2 3 4 5 6 7 8 9 10 11 | 11.8
Stealth        | 3 6 7 |  7.0
Invocations    | 2 4 5 7 8 9 10 11 12 | 12.0
Throwing       | 2 |  2.5
Bows           | 3 6 8 9 10 | 10.0
Evocations     | 1 5 7 9 10 | 10.0
Dodging        | 4 6 7 |  7.5

Action                   |  1- 3 |  4- 6 |  7- 9 | 10-12 | 13-15 | 16-18 || total
-------------------------+-------+-------+-------+-------+-------+-------++-------
Melee: Unarmed           |   117 |   128 |   367 |   681 |  1109 |   818 ||  3220
       Punch             |       |       |    12 |    30 |   111 |    90 ||   243
 Fire: Shortbow          |       |       |       |   202 |   679 |   905 ||  1786
Throw: Boomerang         |       |       |     4 |     2 |       |       ||     6
Invok: Heroism           |       |       |     2 |    15 |    29 |    36 ||    82
       Finesse           |       |       |       |     5 |    11 |     2 ||    18
       Duel              |       |       |       |       |       |     3 ||     3
  Use: Scroll            |     3 |     1 |     8 |    10 |    11 |     5 ||    38
       Potion            |       |     1 |       |     2 |       |     4 ||     7
 Stab: Petrified         |       |       |       |       |     1 |       ||     1
Armor: Plate armour      |    69 |    75 |   259 |   344 |  1065 |   697 ||  2509
       Robe              |     1 |       |       |       |       |       ||     1
Dodge: Dodged            |    37 |    28 |   110 |   197 |   472 |   444 ||  1288

Table legend: (Time is in decaauts)
 A = Elapsed time spent in this place.
 B = Non-inter-level travel time spent in this place.
 C = Inter-level travel time spent in this place.
 D = Time resting spent in this place.
 E = Time spent auto-exploring this place.
 F = Levels seen in this place.
 G = Mean time per level.
                   A        B        C        D        E       F      G
               +--------+--------+--------+--------+--------+-----+--------+
         Total |  41014 |  38626 |   2388 |   4447 |  25893 |  32 | 1281.7 |
       Dungeon |  23429 |  21694 |   1735 |   3254 |  14127 |  15 | 1561.9 |
        Temple |     42 |     30 |     12 |      0 |     17 |   1 |   42.0 |
          Lair |   8435 |   8017 |    418 |    274 |   6246 |   6 | 1405.8 |
     Snake Pit |   6742 |   6612 |    130 |    711 |   4336 |   4 | 1685.5 |
  Orcish Mines |   1717 |   1625 |     92 |    151 |    805 |   2 |  858.5 |
        Bailey |    521 |    521 |      0 |     57 |    299 |   1 |  521.0 |
         Arena |    124 |    124 |      0 |      0 |     60 |   3 |   41.3 |
               +--------+--------+--------+--------+--------+-----+--------+

Top non-repeatable levels by time:
     D:7: 2610 daAuts
 Snake:4: 2535 daAuts
     D:8: 2466 daAuts
  Lair:1: 2055 daAuts
     D:9: 1924 daAuts
    D:14: 1910 daAuts
     D:4: 1862 daAuts
 Snake:1: 1785 daAuts
  Lair:3: 1678 daAuts
    D:12: 1658 daAuts
    D:13: 1620 daAuts
     D:3: 1603 daAuts
  Lair:2: 1415 daAuts
     D:1: 1415 daAuts
     D:6: 1365 daAuts
